 Dungeon Crawl Stone Soup version 0.29-a0-668-g12ee2bf84d (webtiles) character file.

Game seed: 13548338160929316432

61 Shayle the Grasshopper (level 3, 0/43 HPs)
             Began as a Demigod Warper on June 23, 2022.
             Slain by a gnoll
             ... wielding a +0 flail
              (2 damage)
             ... on level 3 of the Dungeon.
             The game lasted 00:08:06 (3504 turns).

Shayle the Grasshopper (Demigod Warper)             Turns: 3504, Time: 00:08:07

Health: 0/43       AC: 21    Str: 12    XL:     3   Next: 58%
Magic:  8/8        EV:  2    Int: 25    God:
Gold:   156        SH:  0    Dex: 13    Spells: 4/6 levels left

rFire   . . .      SeeInvis .   f - +1 whip
rCold   . . .      Faith    .   (no shield)
rNeg    . . .      Spirit   .   (body armour currently unavailable)
rPois   +          Reflect  .   (helmet currently unavailable)
rElec   .          Harm     .   (cloak currently unavailable)
rCorr   .          Rampage  .   (gloves currently unavailable)
Will    .....      NoTele   +   (boots currently unavailable)
Stlth   +.........              (no amulet)
HPRegen 0.14/turn               k - +6 ring of intelligence
MPRegen 0.11/turn               (no ring)

@: tree-form
A: stationary, stasis, torment immunity, boosted hp, high MP 1, forlorn, divine
attributes
a: no special abilities


You were on level 3 of the Dungeon.
You were a tree.
You visited 1 branch of the dungeon, and saw 3 of its levels.

You collected 156 gold pieces.

Inventory:

Hand Weapons
 f - a +1 whip (weapon)
Missiles
 c - 4 boomerangs of dispersal (quivered)
 q - 6 javelins
 s - 3 boomerangs
Armour
 a - a +0 leather armour
 e - a +0 ring mail (melded)
Jewellery
 k - a +6 ring of intelligence (left branch)
Scrolls
 b - a scroll of blinking
 m - a scroll of vulnerability
 t - a scroll of teleportation
Potions
 d - a potion of flight {unknown}
 g - a potion of attraction {unknown}
 h - a potion of haste {unknown}
 j - a potion of cancellation {unknown}
 n - a potion of lignification
 r - a potion of degeneration {unknown}
 u - a potion of brilliance {unknown}


   Skills:
 + Level 2.2 Fighting
 - Level 0.9 Throwing
 + Level 1.6 Armour
 - Level 2.1 Dodging
 + Level 2.2 Unarmed Combat
 + Level 2.1 Spellcasting
 + Level 3.0 Translocations


You had 4 spell levels left.
You knew the following spells:

 Your Spells              Type           Power      Damage    Failure   Level
a - Blink                 Tloc           36%        N/A       4%          2

Your spell library contained the following spells:

 Spells                   Type           Power      Damage    Failure   Level
 Gell's Gravitas          Tloc           18%        N/A       10%         3
 Lesser Beckoning         Tloc           18%        N/A       10%         3
 Teleport Other           Tloc           18%        N/A       10%         3
 Summon Small Mammal      Summ           8%         N/A       11%         1
 Call Canine Familiar     Summ           2%         N/A       32%         3
 Summon Guardian Golem    Hex/Summ       2%         N/A       32%         3
 Manifold Assault         Tloc           18%        N/A       65%         5


Dungeon Overview and Level Annotations

Branches:
Dungeon (3/15)

Shops:
D:2 [


Innate Abilities, Weirdness & Mutations

You are a tree.
Your roots penetrate the ground, keeping you stationary.
You cannot be teleported.
You are immune to unholy pain and torment.
Your maximum health is greatly increased.
Your equipment is partially melded.
You have an increased reservoir of magic. (+10% MP)
You shall have no god before yourself.
Your divine heritage dramatically boosts your attributes as you level up.


Message History

A gnoll comes into view. It is wielding a +0 spear.
The quokka closely misses you.
You closely miss the quokka.
The quokka is lightly wounded.
The quokka closely misses you. The quokka attacks as you move away!
The quokka barely misses you.
The quokka bites you but does no damage.
The gnoll attacks as you move away! The gnoll hits you with a +0 flail.
The quokka bites the plant.
The plant begins to die.
The gnoll attacks as you move away! The gnoll hits you but does no damage.
You closely miss the gnoll. The gnoll hits you with a +0 flail.
The quokka bites something.
The gnoll closely misses you.
You hit the gnoll.
The gnoll is lightly wounded.
The quokka bites something. x2; The gnoll closely misses you.
The quokka bites something.
You hit the gnoll but do no damage.
The gnoll is lightly wounded.
The gnoll barely misses you.
You barely miss the gnoll.
The gnoll is lightly wounded.
The gnoll hits you with a +0 flail!
* * * LOW HITPOINT WARNING * * *
You feel better. The gnoll hits you with a +0 flail.
* * * LOW HITPOINT WARNING * * *
Okay, then.
Really quaff the potion of lignification?
You turn into a tree.
Your +0 ring mail melds into your body.
Your roots penetrate the ground.
The gnoll hits you but does no damage.
You hit the gnoll.
The gnoll is heavily wounded.
The gnoll hits you but does no damage.
You hit the gnoll but do no damage.
The gnoll is heavily wounded.
The gnoll hits you with a +0 flail.
* * * LOW HITPOINT WARNING * * *
You hit the gnoll but do no damage.
The gnoll is heavily wounded.
The gnoll hits you with a +0 flail.
You die...

#.# #.##
#.#.♣♣ ..♣
#.#♣.♣ ♣.. .
#.#♣.. .g ..
#.#§§♣ ♣. ..♣
#.##§♣ .♣♣..♣
#.##P♣♣♣...♣.♣
#..#♣♣P..♣.P.♣
##..♣gr...♣
#..♣♣♣#.♣♣
##...# #..
#.♣## #..♣ #♣♣
.♣.. . ♣♣ ♣


You could see a gnoll and a quokka.

Vanquished Creatures
  An adder (D:1)
  2 worms (D:3)
  A dart slug (D:2)
  4 ball pythons
  3 endoplasms
  3 giant cockroaches
  6 goblins
  5 hobgoblins
  2 quokkas (D:3)
  4 bats
  6 frilled lizards
  3 kobolds
  3 rats (D:1)
43 creatures vanquished.

Vanquished Creatures (others)
  36 plants (D:3)
36 creatures vanquished.

Grand Total: 79 creatures vanquished

Notes
Turn   | Place    | Note
-------+----------+-------------------------------------------
     0 | D:1      | Shayle the Demigod Warper began the quest for the Orb.
     0 | D:1      | Reached XP level 1. HP: 17/17 MP: 5/5
   236 | D:1      | Reached skill level 1 in Armour
   602 | D:1      | Reached XP level 2. HP: 24/24 MP: 7/7
  1010 | D:1      | Learned a level 2 spell: Blink
  1490 | D:2      | Reached XP level 3. HP: 18/29 MP: 8/8
  1656 | D:2      | Found Weck's Antique Armour Shop.
  2222 | D:2      | Reached skill level 3 in Translocations
  3503 | D:3      | HP: 2/43 [gnoll/+0 flail (4)]
  3504 | D:3      | Slain by a gnoll

Illustrated notes

Levels and vault maps discovered:
D:1:      dpeg_arrival_radiant, layout_basic
D:2:      layout_basic, serial_shops, nicolae_shop_trees
D:3:      wad_woods_tower, layout_basic, chequers_serial_rivers_large_a,
          hex_tiny

Skill      XL: |  1  2  3 |
---------------+----------+-----
Armour         | 1 |  1.6
Dodging        | 2 |  2.1
Fighting       | 2 |  2.2
Unarmed Combat | 2 |  2.2
Spellcasting   | 2 |  2.1
Translocations | 3 |  3.0
Throwing       | |  0.9

Action                   || total
-------------------------++-------
Melee: Whip              ||   229
       Unarmed           ||    21
       Punch             ||     7
Throw: Boomerang         ||     3
  Use: Scroll            ||     7
       Potion            ||     3
Armor: Ring mail         ||    61
       Leather armour    ||     6
       Skin              ||     2
Dodge: Dodged            ||   150

Table legend: (Time is in decaauts)
 A = Elapsed time spent in this place.
 B = Non-inter-level travel time spent in this place.
 C = Inter-level travel time spent in this place.
 D = Time resting spent in this place.
 E = Time spent auto-exploring this place.
 F = Levels seen in this place.
 G = Mean time per level.
                   A        B        C        D        E       F      G
               +--------+--------+--------+--------+--------+-----+--------+
         Total |   3526 |   3451 |     75 |    837 |   1831 |   3 | 1175.3 |
       Dungeon |   3526 |   3451 |     75 |    837 |   1831 |   3 | 1175.3 |
               +--------+--------+--------+--------+--------+-----+--------+

Top non-repeatable levels by time:
     D:2: 1627 daAuts
     D:1: 1455 daAuts
     D:3: 443 daAuts
